Map: Lightshade LE

Players

CaptnCruncho - Winner!

  • Race: Protoss Protoss
  • League: Bronze

Westserker

  • Race: Terran Terran
  • League: Bronze

VOD

Have the link to the VOD?

Description

Time

  • Played on: July 21, 2021, 3:58 p.m.
  • Length: 11:17
Show
View Real Time Build Order
Export as new Build Order

CaptnCruncho Protoss - Winner!

Build Orders: 1 Gate Expand 

Get SALT Encoding   

  12  0:01  Probe  
  13  0:17  Probe  
  14  0:24  Pylon  
  14  0:29  Probe  
  15  0:42  Probe (Chrono Boost)  
  16  0:45  Gateway  
  16  0:54  Probe (Chrono Boost)  
  17  1:03  Probe (Chrono Boost)  
  18  1:13  Probe  
  19  1:22  Nexus  
  19  1:25  Probe  
  20  1:37  Probe (Chrono Boost)  
  20  1:46  Pylon  
  21  1:48  Probe (Chrono Boost)  
  21  1:54  Probe (Chrono Boost), Cybernetics Core  
  21  1:58  Assimilator  
  22  2:04  Zealot  
  22  2:06  Probe  
  25  2:15  Forge  
  25  2:26  Probe (Chrono Boost)  
  26  2:31  Zealot  
  26  2:36  Probe (Chrono Boost)  
  29  2:42  Probe (Chrono Boost)  
  31  2:45  Probe (Chrono Boost)  
  32  2:51  Probe (Chrono Boost)  
  32  2:54  Probe (Chrono Boost)  
  32  2:56  Probe (Chrono Boost)  
  32  2:57  Warp Gate (Chrono Boost), Pylon  
  34  3:00  Gateway  
  34  3:11  Photon Cannon  
  34  3:13  Photon Cannon  
  34  3:16  Probe (Chrono Boost)  
  36  3:21  Probe (Chrono Boost)  
  36  3:26  Protoss Ground Weapons Level 1, Probe (Chrono Boost)  
  37  3:29  Zealot  
  37  3:30  Probe (Chrono Boost)  
  37  3:31  Probe (Chrono Boost)  
  41  3:40  Probe  
  42  3:42  Probe  
  43  3:52  Probe  
  43  3:54  Probe  
  43  3:59  Photon Cannon x2  
  43  4:00  Pylon  
  43  4:14  Zealot x2  
  43  4:16  Nexus  
  47  4:19  Pylon  
  47  4:20  Probe, Gateway  
  47  4:21  Probe  
  49  4:31  Pylon  
  49  4:39  Probe x2  
  51  4:51  Probe x2  
  53  5:02  Pylon  
  53  5:04  Zealot x2  
  52  5:38  Probe x3  
  55  5:50  Probe x2, Zealot x3  
  63  5:59  Pylon x2  
  63  6:01  Photon Cannon  
  63  6:02  Gateway, Protoss Ground Armor Level 1 (Chrono Boost)  
  63  6:03  Photon Cannon  
  63  6:04  Gateway  
  63  6:06  Photon Cannon  
  63  6:07  Probe x3  
  66  6:19  Probe x2  
  66  6:25  Twilight Council, Probe, Gateway  
  68  6:31  Probe x2  
  71  6:33  Gateway  
  71  6:35  Gateway  
  71  6:37  Pylon  
  71  6:38  Probe  
  72  6:40  Pylon  
  72  6:52  Pylon  
  72  6:53  Pylon  
  71  7:01  Zealot  
  71  7:02  Zealot x4  
  81  7:14  Charge (Chrono Boost)  
  81  7:22  Gateway  
  81  7:23  Gateway  
  81  7:27  Gateway  
  81  7:38  Gateway  
  81  7:40  Gateway, Zealot x6  
  81  7:41  Forge, Zealot x2  
  97  8:05  Protoss Ground Weapons Level 2 (Chrono Boost)  
  97  8:12  Zealot x7  
  109  8:13  Protoss Ground Armor Level 2 (Chrono Boost), Zealot  
  109  8:17  Nexus  
  113  8:21  Pylon  
  113  8:23  Pylon  
  113  8:27  Zealot x3  
  119  8:44  Adept x4  
  119  8:45  Adept x2  
  131  8:48  Adept  
  131  9:05  Zealot x8  
  131  9:06  Zealot x4  
  137  9:19  Probe  
  137  9:20  Probe x2  
  140  9:30  Zealot x2  
  140  9:31  Zealot x8  
  150  9:32  Probe, Zealot x3  
  159  9:42  Probe x3  
  159  9:44  Probe  
  149  9:54  Probe x2  
  149  10:13  Zealot x8  
  149  10:14  Zealot x5  
  161  10:35  Nexus  
  161  10:41  Zealot x5  
  163  10:55  Zealot x5  
  163  10:56  Zealot x3  
  169  11:01  Nexus  
  169  11:03  Pylon  
  169  11:05  Pylon  
  163  11:13  Zealot x3  
  163  11:14  Zealot x2  
Show
View Real Time Build Order
Export as new Build Order

Westserker Terran 

Build Orders:  

Get SALT Encoding   

  12  0:00  SCV  
  13  0:12  SCV  
  14  0:18  Supply Depot  
  14  0:24  SCV  
  15  0:40  Barracks, SCV  
  16  0:47  Refinery  
  16  0:52  SCV  
  17  1:04  SCV  
  18  1:16  SCV  
  19  1:38  Orbital Command  
  19  1:47  Barracks Reactor  
  19  1:54  Command Center  
  19  2:04  SCV  
  20  2:10  Supply Depot  
  20  2:16  SCV  
  20  2:19  Factory  
  21  2:26  Marine  
  21  2:27  Marine  
  23  2:33  SCV  
  24  2:39  Refinery  
  24  2:45  SCV  
  25  2:52  Marine  
  25  2:53  Marine  
  25  2:57  SCV  
  28  3:06  Starport  
  28  3:08  Widow Mine  
  28  3:09  SCV, Orbital Command  
  28  3:11  Marine x2  
  33  3:20  Engineering Bay  
  33  3:22  SCV  
  34  3:29  Widow Mine  
  36  3:34  SCV  
  36  3:35  SCV  
  38  3:45  Medivac  
  38  3:47  SCV  
  38  3:48  SCV, Refinery  
  42  3:51  Widow Mine  
  44  3:55  Missile Turret  
  44  3:59  SCV, Missile Turret  
  45  4:09  Supply Depot  
  45  4:11  SCV  
  48  4:23  SCV  
  48  4:24  SCV  
  50  4:26  Supply Depot  
  50  4:29  Starport Reactor  
  50  4:31  Factory Tech Lab, Engineering Bay  
  50  4:33  Marine x2  
  50  4:36  SCV x2  
  52  4:48  SCV x2  
  52  4:50  Marine  
  55  5:00  SCV  
  56  5:12  SCV  
  57  5:33  Marine x2  
  57  5:35  Siege Tank  
  56  5:37  Terran Infantry Armor Level 1  
  56  5:46  Barracks, SCV  
  56  5:47  Barracks  
  57  5:50  Barracks  
  57  5:51  Marine x2  
  57  5:54  SCV, Command Center  
  60  5:58  SCV  
  60  6:00  Refinery  
  60  6:04  Medivac  
  63  6:06  SCV  
  63  6:07  Siege Tank  
  63  6:08  Supply Depot  
  63  6:10  SCV  
  63  6:11  Supply Depot  
  68  6:14  Marine x2  
  70  6:24  SCV x2  
  72  6:32  Marine x2  
  74  6:34  Supply Depot  
  74  6:35  Barracks Tech Lab  
  74  6:36  SCV x2, Barracks Tech Lab  
  74  6:38  Barracks Reactor  
  74  6:39  Siege Tank  
  79  6:42  Medivac x2  
  83  6:48  SCV  
  83  6:49  SCV  
  83  6:53  Armory  
  85  6:57  Refinery  
  85  6:59  Refinery  
  85  7:01  SCV x2  
  87  7:08  Sensor Tower  
  87  7:10  Supply Depot  
  87  7:12  Medivac, Supply Depot, Viking  
  87  7:13  SCV x2  
  93  7:15  Supply Depot  
  93  7:20  Orbital Command  
  93  7:25  SCV x2  
  93  7:27  Sensor Tower  
  95  7:30  Marine  
  95  7:31  Marine x4, Terran Infantry Weapons Level 1  
  95  7:33  Stimpack  
  100  7:37  SCV  
  100  7:42  Combat Shield, Medivac  
  103  7:49  SCV  
  104  8:01  SCV  
  105  8:13  Terran Vehicle And Ship Armor Level 1  
  105  8:15  Thor  
  105  8:19  Marauder  
  115  8:20  Marine x4, Marauder  
  115  8:22  Command Center  
  119  8:33  Supply Depot  
  119  8:34  Supply Depot  
  119  8:36  Supply Depot  
  119  8:38  Marine x4  
  119  8:41  Marauder x2  
  125  8:55  Marine  
  125  8:56  Marine x3  
  125  9:02  Marine, Marauder  
  111  9:15  Marine x4  
  102  9:18  Thor  
  102  9:20  Marine  
  102  9:23  Marine  
  107  9:33  Marine x4  
  107  9:37  Marine  
  110  9:41  Marine  
  89  9:51  Marine x4  
  87  9:55  Marine  
  87  9:59  Marine  
  83  10:00  Thor  
  67  10:08  Marine  
  67  10:09  Marine x3, SCV  
  67  10:13  Marine  
  61  10:16  Marine, Liberator x2  
  63  10:26  Marine x2  
  63  10:27  Marine x2  
  66  10:31  Marine  
  66  10:34  Marine  
Tags
 
Add a new tag
Caveats
  • Supply blocks, unpowered buildings, or Contaminate may cause inaccurate times.
  • Supply counts are checked every 10 seconds.